 Dungeon Crawl Stone Soup version 0.28.0-45-g0d030f2227 (webtiles) character file.

Game seed: 11607940365464878071

842 Mesmaeker13 the Insei (level 8, 0/48 HPs)
             Began as an Octopode Transmuter on May 18, 2022.
             Slain by a centaur warrior zombie (3 damage)
             ... on level 5 of the Dungeon.
             The game lasted 00:07:32 (6244 turns).

Mesmaeker13 the Insei (Octopode Transmuter)         Turns: 6244, Time: 00:07:32

Health: 0/48       AC:  2    Str:  9    XL:     8   Next: 0%
Magic:  11/11      EV: 19    Int: 18    God:
Gold:   189        SH:  0    Dex: 17    Spells: 1/11 levels left

rFire   . . .      SeeInvis .     - Unarmed
rCold   . . .      Faith    .   (shield currently unavailable)
rNeg    . . .      Spirit   .   (helmet currently unavailable)
rPois   x          Reflect  .   (no amulet)
rElec   .          Harm     .   e - ring of resist corrosion
rCorr   +          Rampage  .   (no ring)
Will    .....                   (no ring)
Stlth   ++........              (no ring)
HPRegen 0.16/turn               (no ring)
MPRegen 0.12/turn               (no ring)
                                (no ring)
                                (no ring)

@: spider-form (expiring)
A: venomous fangs, almost no armour, (amphibious), 8 rings, tiny, (camouflage
1), (gelatinous body 1), (nimble swimmer 1), (tentacles)
a: End Transformation


You were on level 5 of the Dungeon.
You were a venomous arachnid creature.
You visited 1 branch of the dungeon, and saw 5 of its levels.

You collected 189 gold pieces.

Inventory:

Missiles
 l - 5 poisoned darts
Jewellery
 e - a ring of resist corrosion (left front leg)
Wands
 k - a wand of charming (7)
Scrolls
 d - 3 scrolls of enchant weapon
 f - a scroll of torment {unknown}
Potions
 a - a potion of flight {unknown}
 c - a potion of attraction
 g - a potion of cancellation {unknown}
 h - a potion of lignification {unknown}
 i - a potion of mutation {unknown}
 j - a potion of magic {unknown}


   Skills:
 - Level 1.0 Fighting
 - Level 2.0 Dodging
 + Level 5.7 Unarmed Combat
 - Level 2.0 Spellcasting
 + Level 5.2 Transmutations
 + Level 2.2 Ice Magic
 + Level 5.1 Poison Magic


You had one spell level left.
You knew the following spells:

 Your Spells              Type           Power      Damage    Failure   Level
a - Beastly Appendage     Tmut           40%        N/A       8%          1
b - Wereblood             Tmut           20%        N/A       11%         2
c - Spider Form           Tmut/Pois      20%        N/A       17%         3
d - Ice Form              Ice/Tmut       15%        N/A       58%         4

Your spell library contained the following spells:

 Spells                   Type           Power      Damage    Failure   Level
 Magic Dart               Conj           4%         1d3       38%         1
 Sandblast                Erth           2%         2d4       38%         1
 Passwall                 Tmut/Erth      9%         N/A       24%         2
 Searing Ray              Conj           2%         2d4       47%         2
 Inner Flame              Hex/Fire       1%         N/A       69%         3
 Portal Projectile        Hex/Tloc       2%         N/A       69%         3
 Stone Arrow              Conj/Erth      2%         3d7       69%         3
 Blade Hands              Tmut           10%        N/A       71%         5
 Cause Fear               Hex            0%         N/A       96%         4
 Fulminant Prism          Conj/Hex       0%         3d6       96%         4
 Excruciating Wounds      Necr           0%         N/A       100%        5
 Discord                  Hex            0%         N/A       100%        8


Dungeon Overview and Level Annotations

Branches:
Dungeon (5/15)
 Temple: D:4-7

Altars:

Shops:
D:1 (   D:2 [   D:5 *

Annotations:
D:3 1 runed translucent door, Kenran's ghost, amateur PaFi


Innate Abilities, Weirdness & Mutations

You are a venomous arachnid creature.
You have poisonous fangs.
You are tiny and dextrous.
Your spellcasting is less reliable in this form.
Your armour is entirely melded.
You are incapable of wielding weapons or throwing items.
You cannot wear most types of armour.
((You are amphibious.))
You can wear up to eight rings at the same time.
((Your skin changes colour to match your surroundings (Stealth+).))
((Your rubbery body absorbs attacks. (AC +1, EV +1)))
((You are camouflaged when in or above water. (Stealth+)))
((You have tentacles for arms and can constrict up to eight enemies at once.))


Message History

The centaur warrior zombie is lightly damaged.
The centaur warrior zombie hits you! The centaur warrior zombie kicks you.
You hit the centaur warrior zombie.
The centaur warrior zombie is lightly damaged.
The centaur warrior zombie hits you! The centaur warrior zombie kicks you.
You hit the centaur warrior zombie but do no damage.
The centaur warrior zombie is lightly damaged.
The centaur warrior zombie hits you!
* * * LOW HITPOINT WARNING * * *
The centaur warrior zombie kicks you.
* * * LOW HITPOINT WARNING * * *
You completely miss the centaur warrior zombie.
The centaur warrior zombie is lightly damaged.
The centaur warrior zombie closely misses you.
The centaur warrior zombie barely misses you.
The centaur warrior zombie barely misses you.
The centaur warrior zombie completely misses you.
The centaur warrior zombie misses you.
The centaur warrior zombie closely misses you.
The centaur warrior zombie completely misses you.
The centaur warrior zombie kicks you but does no damage.
The centaur warrior zombie closely misses you.
The centaur warrior zombie barely misses you.
There is an open door here.
The centaur warrior zombie completely misses you.
The centaur warrior zombie kicks you.
* * * LOW HITPOINT WARNING * * *
Your transformation is almost over.
The centaur warrior zombie hits you.
* * * LOW HITPOINT WARNING * * *
The centaur warrior zombie barely misses you.
As you read the scroll labelled ABIGARPHUIJY, it crumbles to dust.
You assume a fearsome visage.
The centaur warrior zombie is unaffected.
It was a scroll of fear.
The centaur warrior zombie barely misses you.
The centaur warrior zombie kicks you.
* * * LOW HITPOINT WARNING * * *
The centaur warrior zombie hits you.
You die...

.#.# #.#...#.....# #########
.#.# #)#...#.....####........
.#.#
###'#...#........'........
.#.#
#.......#......###........
...#
#.......#......###'#######
...#####.......#......##....#
...#.......#...#......##....#
...#.#######...#.Z....##....#
...#.# #......#s.....###'###
'#'#'## #......#......# #.#
......# #...........#.# #.#
......# #....#........# #.#
......######.######.### #.#
.............# #.# #.#
############.######.# #.#
#................# #.#
###.############## #.#


You could see a centaur warrior zombie.

Vanquished Creatures
  Eustachio (D:5)
  A necrophage (D:5)
  An ogre (D:5)
  An ice beast (D:5)
  A centaur (D:5)
  A hound (D:5)
  A jelly (D:5)
  An iguana (D:5)
  Natasha (thrice) (D:3)
  An orc wizard (D:5)
  A howler monkey zombie (D:3)
  A gnoll (D:4)
  8 adders
  A white imp (D:5)
  2 worms
  3 dart slugs
  5 orcs (D:5)
  An endoplasm (D:1)
  2 giant cockroaches
  6 goblins
  7 hobgoblins
  7 jackals
  6 kobolds
  3 quokkas
  6 ball pythons
  9 bats
  12 frilled lizards (D:1)
  4 rats
96 creatures vanquished.

Notes
Turn   | Place    | Note
-------+----------+-------------------------------------------
     0 | D:1      | Mesmaeker13 the Octopode Transmuter began the quest for the
                  | Orb.
     0 | D:1      | Reached XP level 1. HP: 13/13 MP: 3/3
   299 | D:1      | Found Hikk's Weapon Shoppe.
   317 | D:1      | Reached XP level 2. HP: 11/18 MP: 3/5
   653 | D:1      | Found a faded altar of an unknown god.
   738 | D:1      | Reached XP level 3. HP: 20/23 MP: 6/6
  1090 | D:2      | Learned a level 2 spell: Wereblood
  1094 | D:2      | Learned a level 3 spell: Spider Form
  1476 | D:2      | Found Loisch's Armour Shoppe.
  1954 | D:2      | Reached skill level 1 in Poison Magic
  2168 | D:2      | Reached XP level 4. HP: 18/28 MP: 5/7
  2463 | D:3      | Noticed Natasha
  2470 | D:3      | Killed Natasha
  2570 | D:3      | Noticed Natasha
  2578 | D:3      | Killed Natasha
  2658 | D:3      | Reached XP level 5. HP: 29/33 MP: 8/8
  2672 | D:3      | Noticed Natasha
  2686 | D:3      | Killed Natasha
  3301 | D:3      | Found a runed translucent door.
  3308 | D:3      | Noticed Kenran's ghost (amateur PaFi)
  4302 | D:4      | Reached XP level 6. HP: 5/38 MP: 9/9
  4309 | D:5      | Entered Level 5 of the Dungeon
  4633 | D:5      | Noticed a necrophage
  4646 | D:5      | Killed a necrophage
  4713 | D:5      | Found Cess's CLEARANCE SALE!.
  4799 | D:5      | Noticed an ice beast
  4829 | D:5      | Reached skill level 5 in Unarmed Combat
  4829 | D:5      | Reached XP level 7. HP: 8/43 MP: 10/10
  4836 | D:5      | Learned a level 4 spell: Ice Form
  5150 | D:5      | Noticed Eustachio
  5164 | D:5      | Killed Eustachio
  5165 | D:5      | Reached skill level 1 in Ice Magic
  5169 | D:5      | Reached skill level 5 in Transmutations
  5748 | D:5      | Reached skill level 5 in Poison Magic
  5864 | D:5      | Reached XP level 8. HP: 21/48 MP: 2/11
  6244 | D:5      | Slain by a centaur warrior zombie

Illustrated notes

Levels and vault maps discovered:
D:1:      erik_arrival_triangle_small, layout_basic,
          hellmonk_ecumenical_altar_leap_of_faith, serial_shops,
          nicolae_shop_crystal, nicolae_concentric_dashed_squares_mild,
          dk_noncrumbling_3, minmay_lizard_pond
D:2:      layout_rooms, serial_shops, shop, hangedman_glass_teeth
D:3:      layout_rooms, ebering_ghost_sewer_d, roderic_serpentine_path,
          uniq_natasha
D:4:      layout_gridville, mainiacjoe_overflow_surrounded_room,
          minmay_temple_entry_stoned_glass, st_stairs_5
D:5:      layout_basic, nicolae_shop_clearance, uniq_eustachio

Skill      XL: |  1  2  3  4  5  6  7 |
---------------+----------------------+-----
Transmutations | 3 4 5 |  5.2
Poison Magic   | 1 2 3 4 5 |  5.1
Unarmed Combat | 4 5 |  5.7
Ice Magic      | 2 |  2.2
Fighting       | |  1.0
Dodging        | |  2.0
Spellcasting   | |  2.0

Action                   |  1- 3 |  4- 6 |  7- 9 || total
-------------------------+-------+-------+-------++-------
Melee: Unarmed           |   107 |   104 |    62 ||   273
       Constrict         |    32 |    17 |     3 ||    52
       Kick              |    19 |    17 |     1 ||    37
       Tentacles         |    22 |    12 |     3 ||    37
       Punch             |     2 |     1 |     1 ||     4
 Cast: Beastly Appendage |    29 |    16 |     2 ||    47
       Spider Form       |     1 |     7 |     4 ||    12
       Wereblood         |       |     1 |       ||     1
       Ice Form          |       |       |     2 ||     2
  Use: Scroll            |     2 |     4 |     1 ||     7
       Potion            |       |     2 |       ||     2
 Stab: Sleeping          |     6 |     4 |       ||    10
Armor: Skin              |    21 |     8 |     8 ||    37
Dodge: Dodged            |    94 |    77 |    56 ||   227
